Cogmind - Beta 16 @@@ ROGUE MODE // 2025.11.02 @ 13:56:41 // Winter2019/RPGLIKE Player: Jack Result: Self-destructed Performance ------------- Evolutions (1) 500 Regions Visited (4) 800 Robots Destroyed (20) 100 Value Destroyed (557) 557 Prototype IDs (0) 0 Alien Tech Used (0) 0 Bonus (0) 0 TOTAL SCORE: 1957 Bonus ------- None Cogmind --------- Core Integrity 145/600 Matter 209/300 Energy 100/100 System Corruption 1% Temperature Cool (6) Movement Core (50) Location -9/Storage Parts ------- > --- POWER (1) -------- (None) > --- PROPULSION (2) --- (None) > --- UTILITY (1) ------ Hacking Suite > --- WEAPON (4) ------- (None) > --- INVENTORY (0) ---- (None) Peak State ------------ > --- POWER ------------ Light Ion Engine > --- PROPULSION ------- Flight Unit Flight Unit > --- UTILITY ---------- (None) > --- WEAPON ----------- Medium Laser Small Laser Small Laser Particle Gun > --- INVENTORY -------- (None) [Rating: 8] Favorites ----------- Power Light Ion Engine Engine Light Ion Engine Propulsion Flight Unit Flight Unit Flight Unit Utility Hacking Suite Hackware Hacking Suite Weapon Medium Laser Energy Gun Medium Laser Ballistic Gun Autogun Build | -11 -10 -10 -9 -9 ------- Run | Yrd Mat Min Mat Sto Slots Evolved 4 | 4 . . . . Power . | . . . . . Propulsion 1 | 1 . . . . Utility . | . . . . . Weapon 3 | 3 . . . . Parts Attached 12 | 3 1 6 . 2 Power 1 | . . 1 . . Engine 1 | . . 1 . . Core . | . . . . . Reactor . | . . . . . Propulsion 4 | . 1 3 . . Treads . | . . . . . Leg . | . . . . . Wheel . | . . . . . Hover . | . . . . . Flight 4 | . 1 3 . . Utility 1 | . . . . 1 Device . | . . . . . Storage . | . . . . . Processor . | . . . . . Hackware 1 | . . . . 1 Protection . | . . . . . Artifact . | . . . . . Weapon 6 | 3 . 2 . 1 Energy Gun 5 | 3 . 2 . . Energy Cannon . | . . . . . Ballistic Gun 1 | . . . . 1 Ballistic Cannon . | . . . . . Launcher . | . . . . . Special Weapon . | . . . . . Impact Weapon . | . . . . . Slashing Weapon . | . . . . . Piercing Weapon . | . . . . . Special Melee Weapon . | . . . . . Unidentified Prototypes . | . . . . . Parts Lost 1 | . . . 1 . Power . | . . . . . Propulsion 1 | . . . 1 . Utility . | . . . . . Weapon . | . . . . . Highest Loss Streak 1 | . . . 1 . To Critical Strikes . | . . . . . Average Backups . | . . . . . Power . | . . . . . Propulsion . | . . . . . Utility . | . . . . . Weapon . | . . . . . Tool/Special . | . . . . . Unused Backups . | . . . . . Power . | . . . . . Propulsion . | . . . . . Utility . | . . . . . Weapon . | . . . . . Tool/Special . | . . . . . Average Slot Usage (%) 58 | . 41 70 86 30 Engine 2 | . . 1 12 2 Flight 14 | . 4 24 23 2 Hackware 1 | . . . . 7 Energy Gun 37 | . 37 44 50 9 Ballistic Gun 1 | . . . . 8 Peak Build Rating 8 | 3 4 8 8 7 Average Rating 5 | 2 3 6 7 4 On Entrance 4 | . 3 4 8 7 Avg Prop Armor Cover (%) 3 | . . . 3 3 Naked Turns 4 | . . . . 4 Heaviest Build 10 | 5 5 10 10 10 Greatest Support 13 | 3 9 13 13 8 Greatest Overweight (x) 1 | 1 1 . 1 1 Average Overweight (x) . | . . . . . Largest Inventory Capacity . | . . . . . Average Capacity . | . . . . . Most Carried . | . . . . . Average Carried . | . . . . . Final Capacity . | . . . . . Final Carried . | . . . . . Class Distribution -------------------- 64% | Gunner 14% | Scavenger-Gunner 11% | Mutant 9% | Scavenger-Mutant Dominant Class ---------------- Gunner | -10/Materials Gunner | -10/Mines Scavenger-Mutant | -9/Materials Mutant | -9/Storage Resources | -11 -10 -10 -9 -9 ----------- Run | Yrd Mat Min Mat Sto Matter Collected 343 | 36 167 79 48 13 Remotely . | . . . . . Salvage Created 569 | . 256 158 142 13 Parts 31 | . 10 12 6 3 Haulers Intercepted . | . . . . . Recyclers Shooed . | . . . . . Parts Field Recycled . | . . . . . Retrieved Matter . | . . . . . Parts Self-Destructed . | . . . . . Prevented . | . . . . . Parts Restored . | . . . . . Kills | -11 -10 -10 -9 -9 ------- Run | Yrd Mat Min Mat Sto Combat Hostiles Destroyed 18 | . 6 7 5 . Guns 16 | . 5 6 5 . Classes Destroyed 4 | . 2 1 . 1 Worker 1 | . 1 . . . Operator 1 | . . . . 1 Swarmer 6 | . . 3 3 . Grunt 12 | . 6 4 2 . Best Kill Streak 5 | . 2 3 5 1 Combat Bots Only 5 | . 2 3 5 . Max Kills in Single Turn 2 | . 1 2 1 1 Gunslinging 1 | . . 1 . . Exploded . | . . . . . Melee . | . . . . . Uniques/NPCs Destroyed . | . . . . . Combat | -11 -10 -10 -9 -9 -------- Run | Yrd Mat Min Mat Sto Hostile Shots Fired 104 | . 27 45 23 9 Missed 26 | . 7 11 7 1 Hits 78 | . 20 34 16 8 Melee 3 | . . . . 3 Projectile 75 | . 20 34 16 5 AOE 4 | . . 4 . . Critical Strikes 2 | . . 1 . 1 Damage Taken 1162 | . 264 550 172 176 Core 972 | . 219 464 135 154 Absorbed by Shields . | . . . . . Redirected to Core 619 | . 138 297 112 72 Core Remaining (%) 82 | 100 . 64 . . Volleys Fired 50 | . 19 18 7 6 Largest 4 | . 3 4 4 1 Hottest 195 | . 140 195 195 23 Shots Fired 140 | . 56 55 23 6 Gun 140 | . 56 55 23 6 Cannon . | . . . . . Launcher . | . . . . . Special . | . . . . . Kinetic 6 | . . . . 6 Thermal 134 | . 56 55 23 . Explosive . | . . . . . Electromagnetic . | . . . . . Robot Hit Streak 6 | . 5 6 5 3 Robot Miss Streak 4 | . 3 4 2 1 Penetration Max . | . . . . . Secondary Targets 4 | . 2 1 1 . Max Gunslinging Chain 1 | . 1 1 1 . Shots Hit Robots 82 | . 34 33 11 4 Core Hits 35 | . 14 12 7 2 Critical Kills . | . . . . . Critical Parts Destroyed . | . . . . . Critical Strikes 6 | . 3 1 2 . Burn 6 | . 3 1 2 . Melee Attacks . | . . . . . Impact . | . . . . . Slashing . | . . . . . Piercing . | . . . . . Sneak Attacks . | . . . . . Combat Hostiles . | . . . . . Follow-up Attacks . | . . . . . Damage Inflicted 1032 | . 411 392 144 85 Guns 1025 | . 408 392 140 85 Cannons . | . . . . . Explosions . | . . . . . Melee . | . . . . . Ramming 7 | . 3 . 4 . Kinetic 85 | . . . . 85 Thermal 940 | . 408 392 140 . Explosive . | . . . . . Electromagnetic . | . . . . . Impact . | . . . . . Slashing . | . . . . . Piercing . | . . . . . Highest Corruption 1 | . . . . 1 Average Corruption 1 | . . . . 1 Corruption Purged . | . . . . . Corruption Blocked . | . . . . . Overload Shots . | . . . . . Overflow Damage . | . . . . . Projectiles . | . . . . . Explosions . | . . . . . Melee . | . . . . . Knockbacks . | . . . . . Impact . | . . . . . Kinetic . | . . . . . Secondary . | . . . . . Self-Inflicted Damage 3 | . 1 . 2 . Shots . | . . . . . Rammed 2 | . 1 . 1 . Targets Rammed 2 | . 1 . 1 . Kicked . | . . . . . Crushed . | . . . . . Highest Temperature 614 | . 408 290 614 4 Average Temperature 173 | . 153 125 312 4 Received Heat Transfer 432 | . 147 216 39 30 Effects 24 | . 2 5 17 . Shutdowns 3 | . . . 3 . Energy Bleed 2 | . 1 . 1 . Interference 6 | . 1 5 . . Matter Decay 2 | . . . 2 . Short Circuit 3 | . . . 3 . Damage (minor) 4 | . . . 4 . Damage (major) 4 | . . . 4 . Siege Activations . | . . . . . Martial Activations . | . . . . . Shielding Activations . | . . . . . Robots Disrupted . | . . . . . Combat Hostiles . | . . . . . Robots Corrupted . | . . . . . Combat Hostiles . | . . . . . Parts Fried . | . . . . . Impact Corruptions . | . . . . . Robots Melted 2 | . 1 1 . . Combat Hostiles 2 | . 1 1 . . Parts Melted 6 | . 2 2 2 . Heat Transferred 2983 | . 1348 1127 508 . Parts Sabotaged . | . . . . . Parts Stolen . | . . . . . Parts Stripped . | . . . . . Power Chain Reactions . | . . . . . Alert | -11 -10 -10 -9 -9 ------- Run | Yrd Mat Min Mat Sto Maximum Alert Level . | . . . . . Low Security (%) 100 | 100 100 100 100 100 Level 1 . | . . . . . Level 2 . | . . . . . Level 3 . | . . . . . Level 4 . | . . . . . Level 5 . | . . . . . High Security . | . . . . . Max Security . | . . . . . Peak Influence 152 | . 50 140 152 51 Initial 51 | . . 13 42 51 Average 56 | . 29 74 103 33 Influence Increases 520 | . 145 230 140 5 Destroy 0b10 Robot/C 360 | . 120 140 100 . Destroy 0b10 Robot/NC 10 | . 5 . . 5 Destroy Leader 60 | . 20 30 10 . Disable Machine 30 | . . 15 15 . Partial Spotted 15 | . . 15 . . Lose Combat Pursuer 45 | . . 30 15 . Influence Decreases 514 | . 110 155 128 121 Entered New Map 161 | . . 22 68 71 Time Decay 343 | . 110 133 50 50 Lost Part 10 | . . . 10 . Squads Dispatched 1 | . . . . 1 Investigation . | . . . . . Extermination . | . . . . . Reinforcement 1 | . . . . 1 Assault . | . . . . . Garrison . | . . . . . Intercept . | . . . . . Searches Triggered . | . . . . . Construction Impeded . | . . . . . Haulers Reinforced . | . . . . . Active Scanning Responses . | . . . . . Cargo Convoy Interrupts . | . . . . . Stealth | -11 -10 -10 -9 -9 --------- Run | Yrd Mat Min Mat Sto Distress Signals 1 | . . . 1 . Communications Jammed . | . . . . . Distress Signals . | . . . . . Times Spotted 42 | . 6 22 9 5 Peak Tracking Total 23 | . 2 23 6 4 Tactical Retreats 3 | . . 2 1 . Traps | -11 -10 -10 -9 -9 ------- Run | Yrd Mat Min Mat Sto Traps Triggered 2 | . . . . 2 Indirectly . | . . . . . Trap Hack Attempts . | . . . . . Triggered . | . . . . . Disarmed . | . . . . . Reprogrammed . | . . . . . Reused . | . . . . . Traps Extracted . | . . . . . Installed . | . . . . . Triggered . | . . . . . Machines | -11 -10 -10 -9 -9 ---------- Run | Yrd Mat Min Mat Sto Machines Disabled 2 | . . 1 1 . Max in Single Turn 1 | . . 1 1 . Machines Repaired . | . . . . . Machines Dismantled . | . . . . . Machines Sabotaged . | . . . . . Overloaded Fab Kills . | . . . . . Hacking | -11 -10 -10 -9 -9 --------- Run | Yrd Mat Min Mat Sto Machines Accessed . | . . . . . Terminals . | . . . . . Fabricators . | . . . . . Repair Stations . | . . . . . Recycling Units . | . . . . . Scanalyzers . | . . . . . Garrison Access . | . . . . . Total Hacks . | . . . . . Successful . | . . . . . Failed . | . . . . . Catastrophic . | . . . . . Database Lockouts . | . . . . . Manual . | . . . . . Terminals . | . . . . . Fabricators . | . . . . . Repair Stations . | . . . . . Recycling Units . | . . . . . Scanalyzers . | . . . . . Garrison Access . | . . . . . Terminal Hacks . | . . . . . Fabricator Hacks . | . . . . . Repair Station Hacks . | . . . . . Recycling Unit Hacks . | . . . . . Scanalyzer . | . . . . . Garrison Access Hacks . | . . . . . Unauthorized Hacks . | . . . . . Terminals . | . . . . . Fabricators . | . . . . . Repair Stations . | . . . . . Recycling Units . | . . . . . Scanalyzers . | . . . . . Garrison Access . | . . . . . Data Cores Recovered 1 | . . . . 1 Used . | . . . . . Hacking Detections . | . . . . . Full Trace Events . | . . . . . Feedback Events . | . . . . . Feedback Blocked . | . . . . . Robot Schematics Acquired . | . . . . . Robots Built . | . . . . . Authchips . | . . . . . Time . | . . . . . Total Robot Build Rating . | . . . . . Part Schematics Acquired . | . . . . . Parts Built . | . . . . . Authchips . | . . . . . Time . | . . . . . Total Part Build Rating . | . . . . . Part Studies Acquired . | . . . . . Parts Repaired . | . . . . . Time . | . . . . . Parts Recycled . | . . . . . Recycled Matter . | . . . . . Retrieved Matter . | . . . . . Retrieved Components . | . . . . . Parts Scanalyzed . | . . . . . Part Schematics Acquired . | . . . . . Parts Damaged . | . . . . . Bothacking | -11 -10 -10 -9 -9 ------------ Run | Yrd Mat Min Mat Sto Used RIF Installer . | . . . . . Robots Hacked . | . . . . . Non-combat . | . . . . . Combat . | . . . . . Robot Hacks Applied . | . . . . . Relay Couplers Released . | . . . . . Fabnet Peak Effective % . | . . . . . Robots Rewired . | . . . . . Allies Hacked . | . . . . . Hacks Repelled . | . . . . . Allies | -11 -10 -10 -9 -9 -------- Run | Yrd Mat Min Mat Sto Total Allies . | . . . . . Largest Group . | . . . . . Highest-Rated Group . | . . . . . Highest-Rated Ally . | . . . . . Total Orders . | . . . . . Ally Attacks . | . . . . . Total Damage . | . . . . . Kills . | . . . . . Allies Corrupted . | . . . . . Allies Melted . | . . . . . Intel | -11 -10 -10 -9 -9 ------- Run | Yrd Mat Min Mat Sto Active Infowar (turns) . | . . . . . Robot Analysis Total . | . . . . . Derelict Logs Recovered 1 | . . 1 . . Drone Launches . | . . . . . Drone Recoveries . | . . . . . Exploration | -11 -10 -10 -9 -9 ------------- Run | Yrd Mat Min Mat Sto Turns Passed 786 | 30 246 295 112 103 Spaces Moved 973 | 32 207 498 123 113 Core 241 | 32 87 . 9 113 Treads . | . . . . . Legs . | . . . . . Wheels . | . . . . . Hover . | . . . . . Flight 732 | . 120 498 114 . Fastest Speed 37 | 50 40 37 37 50 Average Speed 49 | 81 65 37 62 53 Slowest Speed 120 | 100 100 40 120 100 Overloaded Moves . | . . . . . Propulsion Burnouts . | . . . . . Robots Hopped 2 | . 1 . 1 . Potential Cave-ins . | . . . . . Cave-ins Triggered . | . . . . . Exploration Rate (%) 34 | 3 39 83 19 28 Regions Visited 4 Branch Regions 2 Pre-discovered Areas . | . . . . . Known Exits Taken . | . . . . . Unknown Exits Taken 4 | 1 1 1 1 . Scrap Searched 1 | . . 1 . . Spaces Dug . | . . . . . Terrain Destroyed . | . . . . . Melee . | . . . . . Projectile . | . . . . . AOE . | . . . . . Terrain Rammed . | . . . . . Walls Destroyed . | . . . . . Machines Disabled . | . . . . . Actions | -11 -10 -10 -9 -9 --------- Run | Yrd Mat Min Mat Sto Total 1165 | 34 273 568 141 149 Wait 102 | . 40 28 10 24 Move 966 | 31 204 497 121 113 Hop 2 | . 1 . 1 . Pick Up . | . . . . . Fast Attach 11 | 3 1 3 . 4 Attach . | . . . . . Detach . | . . . . . Swap 3 | . . 3 . . Drop 5 | . . 3 . 2 Fire 50 | . 19 18 7 6 Melee . | . . . . . Ram 1 | . 1 . . . Kick . | . . . . . Crush . | . . . . . Escape Stasis . | . . . . . Rewire . | . . . . . Trap . | . . . . . Miscellaneous 25 | . 7 16 2 . Route ------- -11/Scrapyard -10/Materials (discovered 2 exits: [*Mat] / [*Min]) -10/Mines -9/Materials (discovered 2 exits: [*Min] / [*Sto]) -9/Storage History --------- Turn | Location | Event 8 | -11/Scrapyard | Upgraded with Propulsion slot (x1) 8 | -11/Scrapyard | Upgraded with Weapon slot (x3) 15 | -11/Scrapyard | Discovered new exit (range 15) 31 | -11/Scrapyard | Entered Materials 196 | -10/Materials | Discovered new exit (range 5) 273 | -10/Materials | Discovered new exit (range 8) 277 | -10/Materials | Entered Mines 278 | -10/Mines | Assembled infested the area 310 | -10/Mines | Build established: Gunner 382 | -10/Mines | Core integrity fell below 50% 389 | -10/Mines | Reached level 2 440 | -10/Mines | Learned Materials emergency access door positions 565 | -10/Mines | Discovered new exit (range 5) 572 | -10/Mines | Entered Materials 574 | -9/Materials | Reached level 3 681 | -9/Materials | Discovered new exit (range 14) 681 | -9/Materials | Discovered new exit (range 3) 684 | -9/Materials | Entered Storage 685 | -9/Storage | Core integrity fell below 50% 686 | -9/Storage | Reached level 4 696 | -9/Storage | Released all parts (6) 787 | -9/Storage | Self-destructed Last Messages --------------- Acquired Broken Flight Unit. Dropped Broken Flight Unit. O-16 Technician destroyed. T-07 Excavator is excavating. Acquired data core, extracted dynamic key. Decrypted 1 local trap positions from data. Acquired Hacking Suite. Acquired 13 matter. U-05 Engineer lays Concrete. Acquired Broken Flight Unit. T-07 Excavator is excavating. Dropped Broken Flight Unit. U-05 Engineer lays Concrete. Triggered Explosive Trap. An explosion rips through the floor. Transfer Shaft disabled. K-01 Serf collects debris. O-16 Technician: "IFF HANDSHAKE FAILED. SECURING TERMINAL." ALERT: Hostiles spotted, dispatching reinforcements to Terminal S002. Autogun severed. Map ----- +----------------------------------------------------+ | ?????????????????????????????????????????????????? | | ?????????????????????????????????????????????????? | | ?????????????????????????????????????????????????? | | ?????????????????????????????????????????????????? | | ???????????######????????????????????????????????? | | ########### #????????????????????????????????? | | #????????????????????????????????? | | * T +????????????????????????????????? | | = #????????????????????????????????? | | ########### #????????????????????????????????? | | #??????????+#####????????????????????????????????? | | #????????????????????????????????????????????????? | | #????????????????????????????????????????????????? | | #####????????????????????????????????????????????? | | #????????????????????????????????????????????? | | """ #????????????????????????????????????????????? | | """ #????????????????????????????????????????????? | | """ #???????????????????###??????????????????????? | | #??????????????????##T####???????????????????? | | """ #??????????????????# #???????????????????? | | """ #??????????????????# #???????????????????? | | #??????????????????# #???????????????????? | | #??????????????????# !! #???????????????????? | | ######################] !! #???????????????????? | | ## l #???????????????????? | | ## @g #???????????????????? | | #####+##???????????????????? | | +############+##### #???# ##+###+##????????????? | | #??????"" ""??# #???# +????????????? | | #???? """ """ # ##### #????????????? | | """ #??"" """ """ # #????????????? | | """ #?? # ##### ##### #????????????? | | """ #?? # #???# #????? + "??????????? | | #??? # #???# #?????? # "??????????? | | #####????/#############???#+#?????????"??????????? | | ?????????????????????????????????????????????????? | | ?????????????????????????????????????????????????? | | ?????????????????????????????????????????????????? | | ?????????????????????????????????????????????????? | | ?????????????????????????????????????????????????? | | ?????????????????????????????????????????????????? | | ?????????????????????????????????????????????????? | | ?????????????????????????????????????????????????? | | ?????????????????????????????????????????????????? | | ?????????????????????????????????????????????????? | | ?????????????????????????????????????????????????? | | ?????????????????????????????????????????????????? | | ?????????????????????????????????????????????????? | | ?????????????????????????????????????????????????? | | ?????????????????????????????????????????????????? | +----------------------------------------------------+ Best States ------------- Heat Dissipation 25 Energy Generation 10 Energy Capacity 125 Matter Stores 300 Matter Capacity 300 Sight Range 16 Terrain Scan Density 10 Evasion (%) 62 Offensive Hacking 10 Item Schematics ----------------- None Robot Schematics ------------------ None Fabricated ------------ Nothing Repaired ---------- Nothing Studied --------- None Alien Tech Used ----------------- None Achievements -------------- None Challenges ------------ None RPGLIKE | -11 -10 -10 -9 -9 --------- Run | Yrd Mat Min Mat Sto Levels Raised 3 | . . 1 1 1 XP Earned 8250 | 3000 700 1425 2125 1000 XP Spent 3000 | 2900 100 . . . Upgrades 5 | 4 1 . . . Propulsion Slot 1 | 1 . . . . Weapon Slot 3 | 3 . . . . Mass Support 1 | . 1 . . . Protomatter Created 219 | . 88 116 15 . Integrity Restored 535 | . 142 348 45 . Core 517 | . 124 348 45 . Parts 18 | . 18 . . . Protomatter Decayed 99 | . 40 59 . . Game ------ Seed AblativeLegClaymores Manual? 0 Play Time 00:08:12 Cumulative 365.0 hours Start 2025.11.02 @ 13:49:21 End 2025.11.02 @ 13:56:41 Sessions 1 Manual Loads 0 Difficulty Rogue Special Mode Winter2019/RPGLIKE Game No. 340 Rogue 151 Adventurer 177 Explorer 12 Win Type - Total 76 Types 23/2/19/3/12/0/5/6/0/6 Lore% 60 Gallery% 58 Achievement% 53 Wizard Run 0 Options --------- Layout 0 ASCII 0 Keyboard 0 Movement Numpad Keybinds 0 Fullscreen 2 Font 12/Smallcaps Map View 83x54 Zoom Use 0% Tactical HUD 0 Map Filters NONE Filters NONE Steam 1 RUN: 8d158aa7-5838-4571-a800-be52f091c258